 Dungeon Crawl Stone Soup version 0.25.1-2-g60ff931df9 (webtiles) character file.

Game seed: 2248152060040536426

520 nicanaca0 the Chopper (level 7, -4/63 HPs)
             Began as a Deep Dwarf Fighter on Oct 30, 2020.
             Was an Initiate of Makhleb.
             Killed by nerve-wracking pain
             ... invoked by an orc priest
              (13 damage)
             ... on level 4 of the Dungeon.
             The game lasted 00:06:30 (2715 turns).

nicanaca0 the Chopper (Deep Dwarf Fighter)          Turns: 2715, Time: 00:06:31

Health: -4/63      AC: 10    Str: 21    XL:     7   Next: 1%
Magic:  6/6        EV:  7    Int:  9    God:    Makhleb [......]
Gold:   128        SH: 10    Dex: 12    Spells: 6/6 levels left

rFire    . . .     SeeInvis .   a - +1 war axe
rCold    . . .     Gourm    .   c - +0 kite shield
rNeg     . . .     Faith    .   b - +0 scale mail
rPois    .         Spirit   .   (no helmet)
rElec    .         Reflect  .   (no cloak)
rCorr    .         Harm     .   (no gloves)
MR       +....                  j - +2 pair of boots
Stlth    ..........             (no amulet)
HPRegen  0.00/turn              (no ring)
MPRegen  0.10/turn              (no ring)

@: non-regenerating
A: damage resistance, heal wounds, sense surroundings 1, no regeneration
a: Heal Wounds, Renounce Religion


You were on level 4 of the Dungeon.
You worshipped Makhleb.
Makhleb was noncommittal.
You were not hungry.

You visited 1 branch of the dungeon, and saw 4 of its levels.

You collected 128 gold pieces.

Inventory:

Hand Weapons
 a - a +1 war axe (weapon)
Missiles
 h - 17 poisoned darts (quivered)
Armour
 b - a +0 scale mail (worn)
 c - a +0 kite shield (worn)
 j - a +2 pair of boots (worn)
Wands
 g - a wand of paralysis (9)
Scrolls
 d - a scroll of teleportation
 i - a scroll of identify {@r1}
Potions
 e - a potion of cancellation
 m - a potion of degeneration {unknown}
 q - a potion of invisibility {unknown}
 s - a potion of magic {unknown}
 t - a potion of brilliance {unknown}
 u - a potion of curing {unknown}
 w - a potion of stabbing {unknown}
Comestibles
 f - 10 rations
 k - 2 chunks of flesh


   Skills:
 + Level 3.9 Fighting
 * Level 5.5 Axes
 + Level 4.8 Armour
 + Level 4.9 Shields
 + Level 0.8 Invocations


You had 6 spell levels left.
You didn't know any spells.
Your spell library contained the following spells:

 Spells                   Type           Power        Failure   Level  Hunger
 Animate Skeleton         Necr           N/A          98%         1    ##.....
 Apportation              Tloc           #.....       98%         1    ##.....
 Corona                   Hex            #......      98%         1    ##.....
 Summon Small Mammal      Summ           #...         98%         1    ##.....
 Ensorcelled Hibernation  Hex/Ice        #.....       99%         2    ###....
 Confusing Touch          Hex            #.......     100%        3    ####...
 Dazzling Flash           Conj/Hex       #.....       100%        3    ####...
 Tukima's Dance           Hex            #.......     100%        3    ####...


Dungeon Overview and Level Annotations

Branches:
Dungeon (4/15)
 Temple: D:4-7

Altars:
Fedhas
Kikubaaqudgha
Makhleb
Nemelex Xobeh
Qazlal
Trog
The Shining One

Annotations:
D:3 1 runed translucent door


Innate Abilities, Weirdness & Mutations

You are resistant to damage.
You can heal yourself by infusing magical energy.
You passively map a small area around you.
You do not regenerate.


Message History

You barely miss the orc priest. You hit something. You completely miss the orc.
Something hits you but does no damage.
The orc priest hits you but does no damage.
The orc hits you but does no damage. Something hits you but does no damage.
You closely miss the orc priest. You closely miss the orc.
You closely miss something.
The orc priest mumbles some strange prayers to Beogh against you.
Pain shoots through your body!
* * * LOW HITPOINT WARNING * * *
The orc hits you but does no damage. Something hits you but does no damage.
You block the orc priest's attack.
You barely miss the orc priest. You hit something. You hit the orc.
You block the orc's attack.
You hear some strange, mumbled words.
A magic dart appears from out of thin air!
The magic dart hits you.
* * * LOW HITPOINT WARNING * * *
The orc priest invokes the aid of Beogh against you.
Pain shoots through your body!
You die...

*#.*#.# * #. #.# * * ,
#?##.## ..#.##{....#
,....o..O..# ,
#.#.####..#
*....o.Z#.######## * *
##.####o{........*, , ,
#@o#######.#.# , #..#
#># , #..## * #.#*** ,
#...# ... , ####...##
*#.# * #.......# #.# *
* #.......# #.#
#.......#######.##### ,
,#...............รท>...


You could see an orc priest, an orc and a hound zombie.

Vanquished Creatures
  Grinder (D:3)
  The ghost of EtherCrawl the Slasher, an amateur DEBe of Trog (D:3)
  An ogre (D:4)
  Jessica (D:3)
  3 adders
  2 oozes
  2 worms
  4 dart slugs
  An orc (D:4)
  A ball python (D:3)
  7 bats
  2 giant cockroaches
  4 goblins
  8 hobgoblins
  A quokka (D:3)
  5 frilled lizards
  7 kobolds
  7 rats
58 creatures vanquished.

Notes
Turn   | Place    | Note
-------+----------+-------------------------------------------
     0 | D:1      | nicanaca0 the Deep Dwarf Fighter began the quest for the
                  | Orb.
     0 | D:1      | Reached XP level 1. HP: 20/20 MP: 1/1
    83 | D:1      | Reached XP level 2. HP: 25/27 MP: 2/2
   423 | D:1      | Reached skill level 3 in Axes
   531 | D:1      | Reached XP level 3. HP: 26/33 MP: 3/3
  1241 | D:2      | Found a stormy altar of Qazlal.
  1398 | D:2      | Reached XP level 4. HP: 24/42 MP: 4/4
  1568 | D:2      | Found a bloodstained altar of Trog.
  1853 | D:3      | Noticed Grinder
  1853 | D:3      | Paralysed by Grinder for 5 turns
  1869 | D:3      | HP: 2/42 [Grinder (4)]
  1883 | D:3      | Killed Grinder
  1883 | D:3      | Reached skill level 4 in Axes
  1883 | D:3      | Reached XP level 5. HP: 8/49 MP: 4/4
  1912 | D:3      | Reached XP level 6. HP: 24/56 MP: 5/5
  1936 | D:3      | Found a glowing golden altar of the Shining One.
  1940 | D:3      | Found a sparkling altar of Nemelex Xobeh.
  2028 | D:3      | Found an ancient bone altar of Kikubaaqudgha.
  2032 | D:3      | Found a blossoming altar of Fedhas.
  2087 | D:3      | Noticed Jessica
  2109 | D:3      | Killed Jessica
  2244 | D:3      | Found a runed translucent door.
  2273 | D:3      | Found a runed translucent door.
  2277 | D:3      | Noticed EtherCrawl's ghost (amateur DEBe)
  2329 | D:3      | Killed EtherCrawl's ghost
  2329 | D:3      | Reached skill level 5 in Axes
  2551 | D:3      | Found a burning altar of Makhleb.
  2562 | D:3      | Became a worshipper of Makhleb the Destroyer
  2711 | D:4      | Reached XP level 7. HP: 20/63 MP: 6/6
  2715 | D:4      | Killed from afar by an orc priest

Illustrated notes

Levels and vault maps discovered:
D:1:      elethiomel_arrival_infinity_welcomes_careful_drivers, layout_basic,
          minmay_misc_feat_alley, nrook_loot_triangle, minmay_cupped
D:2:      minmay_angry_zag, layout_basic, grunt_qazlal_clouds, trog_book
D:3:      layout_loops_ring, grunt_temple_overflow_growth_and_decay,
          bloody_makhleb, nemelex_xobeh_ov_fountains_minmay,
          ebering_ghost_sewer_f, tso_metal_star, uniq_grinder, uniq_jessica
D:4:      layout_loops_ring, serial_shops, shop, first_ration, uniq_menkaure,
          uniq_pikel

Skill      XL: |  1  2  3  4  5  6 |
---------------+-------------------+-----
Axes           | 3 4 5 |  5.5
Fighting       | 3 |  3.9
Armour         | 4 |  4.8
Shields        | 4 |  4.9
Invocations    | |  0.8

Action                   |  1- 3 |  4- 6 |  7- 9 || total
-------------------------+-------+-------+-------++-------
Melee: War axe           |   124 |    72 |     4 ||   200
Throw: Dart              |       |    13 |       ||    13
 Abil: Heal Wounds       |       |     5 |       ||     5
  Use: Potion            |       |     3 |       ||     3
       Scroll            |       |     8 |       ||     8
  Eat: Chunk             |     2 |     4 |       ||     6
Armor: Scale mail        |    78 |    21 |     8 ||   107
Dodge: Dodged            |    55 |    20 |       ||    75
Block: Kite shield       |    76 |    31 |     3 ||   110
